 Dungeon Crawl Stone Soup version 0.29-a0-1052-g6990b1bffc (webtiles) character file.

Game seed: 12079196518252233514

67 avis the Insei (level 3, -1/30 HPs)
             Began as a Demigod Transmuter on Aug 17, 2022.
             Slain by an orc
             ... wielding a +0 falchion
              (6 damage)
             ... on level 1 of the Dungeon.
             The game lasted 00:10:47 (2708 turns).

avis the Insei (Demigod Transmuter)                 Turns: 2708, Time: 00:10:47

Health: -1/30      AC:  2    Str: 11    XL:     3   Next: 70%
Magic:  5/8        EV: 12    Int: 19    God:
Gold:   50         SH:  0    Dex: 14    Spells: 0/6 levels left

rFire   . . .      SeeInvis +     - Unarmed
rCold   . . .      Faith    .   (no shield)
rNeg    . . .      Spirit   .   a - +0 robe
rPois   .          Reflect  .   (no helmet)
rElec   .          Harm     .   (no cloak)
rCorr   .          Rampage  .   (no gloves)
Will    .....                   (no boots)
Stlth   +.........              (no amulet)
HPRegen 0.10/turn               f - ring of see invisible
MPRegen 0.11/turn               (no ring)

@: very slightly contaminated
A: high MP 1, forlorn, divine attributes
a: no special abilities


You were on level 1 of the Dungeon.
You visited 1 branch of the dungeon, and saw 2 of its levels.

You collected 50 gold pieces.

Inventory:

Hand Weapons
 b - a +0 sling
 j - a +1 dagger of electrocution
 l - a +2 dagger of holy wrath
 o - a +0 long sword
Missiles
 i - 2 silver boomerangs
Armour
 a - a +0 robe (worn)
Magical Staves
 n - a staff of air
Jewellery
 f - a ring of see invisible (left hand)
Scrolls
 d - 3 scrolls of identify {unknown}
 e - a scroll of poison {unknown}
 m - a scroll of vulnerability {unknown}
Potions
 c - a potion of attraction {unknown}
 g - 2 potions of heal wounds {unknown}
 h - a potion of lignification
 k - a potion of haste {unknown}


   Skills:
 * Level 2.9 Fighting
 - Level 2.0 Dodging
 - Level 3.0 Unarmed Combat
 - Level 2.0 Spellcasting
 - Level 2.0 Transmutations


You couldn't memorise any spells.
You knew the following spells:

 Your Spells              Type           Power      Damage    Failure   Level
a - Beastly Appendage     Tmut           18%        N/A       8%          1
e - Wereblood             Tmut           9%         N/A       11%         2
p - Spider Form           Tmut/Pois      5%         N/A       32%         3

Your spell library contained the following spells:

 Spells                   Type           Power      Damage    Failure   Level
 Apportation              Tloc           2%         N/A       17%         1
 Necrotise                Necr           4%         1d4       17%         1
 Summon Small Mammal      Summ           4%         N/A       17%         1
 Ice Form                 Ice/Tmut       5%         N/A       73%         4


Dungeon Overview and Level Annotations

Branches:
Dungeon (2/15)


Innate Abilities, Weirdness & Mutations

You have an increased reservoir of magic. (+10% MP)
You shall have no god before yourself.
Your divine heritage dramatically boosts your attributes as you level up.


Message History

You shoot a sling bullet.
The sling bullet barely misses the orc. x2
Fire: b) +0 sling
Press: ? - help, Q - select action, (/) - cycle Shift-Dir - straight line, f - orc, p - orc
Aim: an orc, wielding a +0 club (56% to hit)
You shoot a sling bullet. The sling bullet hits the orc.
The orc is heavily wounded.
Casting: Beastly Appendage (safe; 8% risk of failure)
Confirm with . or Enter, or press ? or * to list all spells.
The spell is quite dangerous to miscast (32% risk of failure)!
Continue anyway?
You miscast Spider Form.
You are very lightly contaminated with residual magic.
You feel rather nauseous for a moment!
You are poisoned.
You feel sick. The orc misses you. The orc attacks as you move away!
The orc closely misses you.
You feel sick. The orc attacks as you move away!
The orc hits you but does no damage.
You feel sick. The orc attacks as you move away! The orc closely misses you.
You feel sick. The orc attacks as you move away!
The orc hits you with a +0 falchion.
You feel sick.
You are no longer poisoned.
The orc attacks as you move away! The orc hits you with a +0 falchion.
* * * LOW HITPOINT WARNING * * *
There is a stone staircase leading up here.
The orc hits you but does no damage.
You climb upwards.
There is a stone staircase leading down here.
Your magical contamination has completely faded away.
The orc attacks as you move away! The orc hits you with a +0 falchion.
* * * LOW HITPOINT WARNING * * *
Casting: Spider Form (quite dangerous; 32% risk of failure)
Confirm with . or Enter, or press ? or * to list all spells.
You miscast Beastly Appendage.
You are very lightly contaminated with residual magic.
Nothing appears to happen.
The orc closely misses you.
You are now empty-handed.
You hit the orc but do no damage.
The orc is heavily wounded.
The orc hits you with a +0 falchion.
You die...

##(##......######.#
#......
##.##.)....### #.#
#......
.............# #.#
##.....
....#######..# #.#
####.. ....# #..#
#.# ##. ...>#
#..####.# #. ..(.#
#....##># #######.
....# #....##o#
#....... ....#
#.....@.# #.......
.[..#######....####
#.......
...............#
#.......
.......#.....###
#.......
...[.....#####
#..##### ##...##.##
#..#...#
##..#######
#..#.8..
....#~~~~~#
#..#....
.####~...~#
#..###..


You could see an orc.

Vanquished Creatures
  3 adders (D:2)
  3 ball pythons (D:1)
  3 bats
  4 endoplasms
  2 giant cockroaches
  6 goblins
  2 hobgoblins (D:1)
  6 jackals
  A frilled lizard (D:1)
  6 kobolds
  2 rats
38 creatures vanquished.

Notes
Turn   | Place    | Note
-------+----------+-------------------------------------------
     0 | D:1      | avis the Demigod Transmuter began the quest for the Orb.
     0 | D:1      | Reached XP level 1. HP: 15/15 MP: 5/5
    43 | D:1      | Reached skill level 1 in Fighting
   293 | D:1      | Reached XP level 2. HP: 24/24 MP: 5/7
  1650 | D:1      | Reached skill level 3 in Unarmed Combat
  2028 | D:2      | Reached XP level 3. HP: 28/29 MP: 8/8
  2034 | D:2      | Learned a level 3 spell: Spider Form
  2037 | D:2      | Learned a level 2 spell: Wereblood
  2708 | D:1      | Slain by an orc

Illustrated notes

Levels and vault maps discovered:
D:1:      wander_arrival_estate, layout_loops_ring, basic_ecumenical_altar,
          kennysheep_minor_cross, kennysheep_decorative_pillar
D:2:      layout_basic, basic_altar, dreamdust_princess_corridor

Skill      XL: |  1  2 |
---------------+-------+-----
Fighting       | 2 |  2.9
Dodging        | 2 |  2.0
Spellcasting   | 2 |  2.0
Unarmed Combat | 3 |  3.0
Transmutations | 2 |  2.0

Action                   || total
-------------------------++-------
Melee: Unarmed           ||    92
       Kick              ||    20
       Headbutt          ||     8
       Punch             ||     2
 Fire: Sling             ||    42
 Cast: Beastly Appendage ||    18
 Stab: Sleeping          ||     1
Armor: Robe              ||    18
Dodge: Dodged            ||    76

Table legend: (Time is in decaauts)
 A = Elapsed time spent in this place.
 B = Non-inter-level travel time spent in this place.
 C = Inter-level travel time spent in this place.
 D = Time resting spent in this place.
 E = Time spent auto-exploring this place.
 F = Levels seen in this place.
 G = Mean time per level.
                   A        B        C        D        E       F      G
               +--------+--------+--------+--------+--------+-----+--------+
         Total |   2718 |   2681 |     37 |   1648 |    628 |   2 | 1359.0 |
       Dungeon |   2718 |   2681 |     37 |   1648 |    628 |   2 | 1359.0 |
               +--------+--------+--------+--------+--------+-----+--------+

Top non-repeatable levels by time:
     D:1: 1783 daAuts
     D:2: 935 daAuts
